 Dungeon Crawl Stone Soup version 0.32-a0-560-g4c7f4391e0 (webtiles) character file.

Game seed: 12107953029276353303

178 domi the Apothecary (level 5, -1/35 HPs)
             Began as a Demonspawn Alchemist on Feb 29, 2024.
             Killed by divine providence
             ... invoked by an orc priest
              (17 damage)
             ... on level 3 of the Dungeon.
             The game lasted 00:05:22 (2586 turns).

domi the Apothecary (Demonspawn Alchemist)          Turns: 2586, Time: 00:05:23

Health: -1/35      AC:  2    Str:  9    XL:     5   Next: 32%
Magic:  0/8        EV: 12    Int: 17    God:
Gold:   81         SH:  0    Dex: 13    Spells: 2/8 levels left

rFire   . . .        d - +0 short sword
rCold   . . .        (no shield)
rNeg    . . .        a - +0 robe
rPois   .            (no helmet)
rElec   .            (no cloak)
rCorr   .            (no gloves)
SInv    .            (no boots)
Will    .....        f - amulet of regeneration {+regen, !d}
Stlth   ++           (no ring)
HPRegen 1.05/turn    (no ring)
MPRegen 0.11/turn

%: no passive effects
@: no status effects
A: hooves 1, powered by death 1
a: Convert to Beogh


You were on level 3 of the Dungeon.
You visited 1 branch of the dungeon, and saw 3 of its levels.

You collected 81 gold pieces.

Inventory:

Hand Weapons
 d - a +0 short sword (weapon)
   (You took it off a kobold on level 1 of the Dungeon)
Armour
 a - a +0 robe (worn)
 k - a +0 pair of gloves
   (You found it on level 2 of the Dungeon)
 l - a scarf of harm
   (You found it on level 3 of the Dungeon)
Jewellery
 f - an amulet of regeneration (around neck) {+regen, !d}
   (You found it on level 1 of the Dungeon)
Scrolls
 c - a scroll of enchant weapon {unknown}
 g - a scroll of teleportation {unknown}
 h - a scroll of revelation {unknown}
 i - a scroll of fog {unknown}
Potions
 b - a potion of ambrosia {unknown}
 e - a potion of haste {unknown}
 j - a potion of degeneration {unknown}


   Skills:
 - Level 1.7 Dodging
 - Level 1.7 Stealth
 - Level 2.0 Spellcasting
 - Level 1.0 Conjurations
 + Level 6.1 Alchemy


You had 2 spell levels left.
You knew the following spells:

 Your Spells              Type           Power      Damage    Failure   Level
c - Mephitic Cloud        Conj/Alch/Air  9%         N/A       22%         3
y - Mercury Vapours       Alch/Air       24%        N/A       9%          2
z - Sting                 Conj/Alch      52%        1d6       4%          1

Your spell library contained the following spells:

 Spells                   Type           Power      Damage    Failure   Level
 Olgreb's Toxic Radiance  Alch           22%        N/A       16%         4
 Alistair's Intoxication  Alch           14%        N/A       41%         5
 Sticky Flame             Fire/Alch      12%        2d5       50%         4
 Eringya's Noxious Bog    Alch           11%        4d6       94%         6
 Borgnjor's Vile Clutch   Necr/Erth      0%         N/A       99%         5


Dungeon Overview and Level Annotations

Branches:
Dungeon (3/15)

Altars:

Annotations:
D:2 Natasha


Innate Abilities, Weirdness & Mutations

You have large cloven feet.
You regenerate a little health from kills.


Message History

The ribbon worm looks as sick as possible!
Press: ? - help, Shift-Dir - straight line, f/p - ribbon worm
Aim: a ribbon worm (heavily wounded, extremely poisoned, 90% to hit)
The sting misses the ribbon worm.
The ribbon worm barely misses you.
Press: ? - help, Shift-Dir - straight line, f/p - ribbon worm
Aim: a ribbon worm (severely wounded, extremely poisoned, 90% to hit)
The sting hits the ribbon worm.
The ribbon worm looks as sick as possible!
You kill the ribbon worm!
You can't see any susceptible monsters within range! (Use Z to cast anyway.)
You start resting.
An endoplasm comes into view.
Unknown command.
You struggle to detach yourself from the web.
You struggle to detach yourself from the web.
The web tears apart.
You can't see any susceptible monsters within range! (Use Z to cast anyway.) Unknown command.
You can't see any susceptible monsters within range! (Use Z to cast anyway.) Unknown command.
You can't see any susceptible monsters within range! (Use Z to cast anyway.) Unknown command.
A ribbon worm comes into view.
A goblin comes into view. It is wielding a +0 club.
Press: ? - help, Shift-Dir - straight line, f - goblin
Aim: a goblin, wielding a +0 club (asleep, 100% to hit)
The sting hits the goblin.
The goblin is poisoned.
You kill the goblin!
Press: ? - help, Shift-Dir - straight line, f - endoplasm
Aim: an endoplasm (98% to hit)
The sting hits the endoplasm.
The endoplasm partially resists.
The endoplasm is poisoned.
Press: ? - help, Shift-Dir - straight line, f/p - endoplasm
Aim: an endoplasm (almost dead, poisoned, 98% to hit)
The sting hits the endoplasm.
The endoplasm partially resists.
The endoplasm looks even sicker.
You kill the endoplasm!
An orc wizard comes into view. It is wielding a +0 dagger.
Press: ? - help, Shift-Dir - straight line, f - ribbon worm
Aim: a ribbon worm (asleep, 100% to hit)
The sting hits the ribbon worm but does no damage.
The ribbon worm is poisoned.
Press: ? - help, Shift-Dir - straight line, f/p - ribbon worm
Aim: a ribbon worm (lightly wounded, poisoned, 90% to hit)
The sting hits the ribbon worm.
The ribbon worm looks even sicker.
Press: ? - help, Shift-Dir - straight line, f/p - ribbon worm
Aim: a ribbon worm (lightly wounded, very poisoned, 90% to hit)
The sting hits the ribbon worm.
The ribbon worm looks even sicker.
The ribbon worm expels a string of sticky webbing.
The stream of webbing hits you but does no damage.
You are caught in a web!
You don't have enough magic to cast this spell.
You struggle to detach yourself from the web.
The orc wizard shouts!
The ribbon worm barely misses you.
An orc wizard comes into view. It is wielding a +0 dagger.
You struggle to detach yourself from the web.
An orc comes into view. It is wielding a +0 flail.
An orc priest comes into view. It is wielding a +0 short sword.
The web tears apart.
The ribbon worm misses you.
The ribbon worm attacks as it pursues you!
The ribbon worm completely misses you.
The ribbon worm attacks as it pursues you!
The ribbon worm misses you.
Found a stone staircase leading down.
The ribbon worm expels a string of sticky webbing.
The stream of webbing hits you but does no damage.
You are caught in a web!
There is a web here.
The web tears apart.
The orc wizard mumbles some strange words.
The orc wizard flickers and vanishes!
Deactivating autopickup; reactivate with Ctrl-A.
You hear a shout!
Press: ? - help, Shift-Dir - straight line, f/p - ribbon worm
Aim: a ribbon worm (severely wounded, poisoned, catching its breath, 90% to hit)
The sting hits the ribbon worm.
The ribbon worm looks even sicker.
A puff of flame appears from out of thin air!
The puff of flame hits you!
Press: ? - help, Shift-Dir - straight line, f/p - ribbon worm
Aim: a ribbon worm (severely wounded, very poisoned, catching its breath, 90% to hit)
The sting hits the ribbon worm.
The ribbon worm looks even sicker.
You kill the ribbon worm!
A magic dart appears from out of thin air!
The magic dart hits you!
The orc priest begins to cast a cantrip, but forgets the words!
The orc priest shouts, "Surrender to Beogh and we'll let you live!" (press Y on the ability menu to convert to Beogh)
The orc priest invokes the aid of Beogh against you.
Beogh smites you!
Press: ? - help, Shift-Dir - straight line, f - orc
Aim: an orc, wielding a +0 flail (71% to hit)
The sting hits the orc.
The orc is poisoned.
The orc priest shouts, "Surrender to Beogh and we'll let you live!"
A puff of flame appears from out of thin air!
The puff of flame hits you.
You don't have enough magic to cast this spell.
The orc priest invokes the aid of Beogh against you.
Beogh smites you!
You die...

#..( #.##.............. .....
##.###...†#........
.....##..##..##.#.##.....
......#.....##.....#.....
........#####............
...........#.# #.............
...........#.####.............
...........#....o...o.........
..........##.@##.........†....
...........##...............
##..........#.##............
#.............###.....#.....
#.............# ########.#..
#.............# #>...
##.....<......# ###..
##...##...#### .. ########## .


You could see an orc priest and an orc (poisoned).

Vanquished Creatures
  Natasha (twice) (D:2)
  6 adders
  2 dart slugs
  3 ribbon worms
  An orc (D:2)
  5 bats
  4 endoplasms
  2 giant cockroaches
  4 goblins
  6 hobgoblins
  11 jackals
  A quokka (D:2)
  4 ball pythons
  5 frilled lizards
  3 kobolds (D:1)
  2 rats
61 creatures vanquished.

Notes
Turn   | Place    | Note
-------+----------+-------------------------------------------
     0 | D:1      | domi the Demonspawn Alchemist began the quest for the Orb.
     0 | D:1      | Reached XP level 1. HP: 13/13 MP: 3/3
   170 | D:1      | HP: 3/13 [goblin/+0 club (2)]
   355 | D:1      | Gained mutation: You regenerate a little health from kills.
                  | [demonic ancestry]
   355 | D:1      | Reached XP level 2. HP: 19/19 MP: 0/5
   538 | D:1      | Reached skill level 4 in Alchemy
  1095 | D:2      | Gained mutation: You have large cloven feet. [demonic
                  | ancestry]
  1095 | D:2      | Reached XP level 3. HP: 24/24 MP: 2/6
  1205 | D:2      | Learned a level 2 spell: Mercury Vapours
  1379 | D:2      | HP: 3/24 [adder (4)]
  1381 | D:2      | Reached XP level 4. HP: 4/30 MP: 1/7
  1384 | D:2      | HP: 5/30 [poisoned by an adder]
  1509 | D:2      | Reached skill level 5 in Alchemy
  1579 | D:2      | Learned a level 3 spell: Mephitic Cloud
  1832 | D:2      | Noticed Natasha
  1843 | D:2      | Killed Natasha
  1966 | D:2      | Noticed Natasha
  1970 | D:2      | Killed Natasha
  2013 | D:2      | Reached XP level 5. HP: 35/35 MP: 4/8
  2431 | D:2      | Noticed Natasha
  2467 | D:3      | Reached skill level 6 in Alchemy
  2586 | D:3      | Killed from afar by an orc priest

Illustrated notes

Levels and vault maps discovered:
D:1:      reono_arrival_mine, layout_loops_ring, serial_forest,
          infiniplex_forest_straight_2, infiniplex_forest_corner_2,
          infiniplex_forest_lined_2, infiniplex_forest_lined_3,
          infiniplex_forest_end_1, infiniplex_forest_clump_small,
          infiniplex_forest_clump_curved
D:2:      layout_loops_ring, uniq_natasha
D:3:      layout_rooms, mainiacjoe_overflow_concentric_impassable

Skill      XL: |  1  2  3  4  5 |
---------------+----------------+-----
Alchemy        | 4 5 6 |  6.1
Dodging        | |  1.7
Stealth        | |  1.7
Spellcasting   | |  2.0
Conjurations   | |  1.0

Action                     |  1- 3 |  4- 6 || total
---------------------------+-------+-------++-------
  Melee: Short sword       |    65 |     1 ||    66
         Kick              |     2 |       ||     2
   Cast: Sting             |    59 |    74 ||   133
    Use: Potion            |     1 |       ||     1
 Armour: Robe              |    45 |    15 ||    60
  Dodge: Dodged            |    83 |    29 ||   112

Table legend: (Time is in decaauts)
 A = Elapsed time spent in this place.
 B = Non-inter-level travel time spent in this place.
 C = Inter-level travel time spent in this place.
 D = Time resting spent in this place.
 E = Time spent auto-exploring this place.
 F = Levels seen in this place.
 G = Mean time per level.
                   A        B        C        D        E       F      G
               +--------+--------+--------+--------+--------+-----+--------+
         Total |   2585 |   2505 |     80 |    463 |   1550 |   3 |  861.7 |
       Dungeon |   2585 |   2505 |     80 |    463 |   1550 |   3 |  861.7 |
               +--------+--------+--------+--------+--------+-----+--------+

Top non-repeatable levels by time:
     D:2: 1285 daAuts
     D:1: 1147 daAuts
     D:3: 153 daAuts

Levels and vault maps discovered:
D:1:      reono_arrival_mine, layout_loops_ring, serial_forest,
          infiniplex_forest_straight_2, infiniplex_forest_corner_2,
          infiniplex_forest_lined_2, infiniplex_forest_lined_3,
          infiniplex_forest_end_1, infiniplex_forest_clump_small,
          infiniplex_forest_clump_curved
D:2:      layout_loops_ring, uniq_natasha
D:3:      layout_rooms, mainiacjoe_overflow_concentric_impassable

Table legend: (Time is in decaauts)
 A = Elapsed time spent in this place.
 B = Non-inter-level travel time spent in this place.
 C = Inter-level travel time spent in this place.
 D = Time resting spent in this place.
 E = Time spent auto-exploring this place.
 F = Levels seen in this place.
 G = Mean time per level.
                   A        B        C        D        E       F      G
               +--------+--------+--------+--------+--------+-----+--------+
         Total |   2585 |   2505 |     80 |    463 |   1550 |   3 |  861.7 |
       Dungeon |   2585 |   2505 |     80 |    463 |   1550 |   3 |  861.7 |
               +--------+--------+--------+--------+--------+-----+--------+

Top non-repeatable levels by time:
     D:2: 1285 daAuts
     D:1: 1147 daAuts
     D:3: 153 daAuts

Table legend:
 A = Kills in this place as a percentage of kills in the entire game.
 B = Kills by you in this place as a percentage of kills by you in the entire game.
 C = Kills by friends in this place as a percentage of kills by friends in the entire game.
 D = Other kills in this place as a percentage of other kills in the entire game.
 E = Experience gained in this place as a percentage of experience gained in the entire game.
 F = Experience gained in this place divided by the number of levels of this place that you have seen.
                   A       B       C       D       E      F
               +-------+-------+-------+-------+-------+----------------------
         Total | 100.0 | 100.0 |   N/A |   N/A | 100.0 |  85.0
       Dungeon | 100.0 | 100.0 |   N/A |   N/A | 100.0 |  85.0
               +-------+-------+-------+-------+-------+----------------------
